 Dungeon Crawl Stone Soup version 0.27-a0-1290-g15d3ce7508 (webtiles) character file.

Game seed: 4094988532411595292

146 Johnny the Magician (level 5, 0/31 HPs)
             Began as a Deep Elf Earth Elementalist on June 15, 2021.
             Slain by Sigmund (6 damage)
             ... on level 2 of the Dungeon.
             The game lasted 00:02:13 (2652 turns).

Johnny the Magician (Deep Elf Earth Elementalist)   Turns: 2652, Time: 00:02:13

Health: 0/31       AC:  3    Str:  5    XL:     5   Next: 7%
Magic:  7/13       EV: 12    Int: 21    God:
Gold:   101        SH:  0    Dex: 15    Spells: 11/12 levels left

rFire    + . .     SeeInvis .   e - +4 dagger
rCold    . . .     Faith    .   (no shield)
rNeg     . . .     Spirit   .   c - +0 robe
rPois    .         Reflect  .   (no helmet)
rElec    .         Harm     .   m - +0 cloak
rCorr    .         Rampage  .   (no gloves)
Will     .....                  (no boots)
Stlth    ++........             (no amulet)
HPRegen  0.10/turn              h - ring of protection from fire
MPRegen  0.13/turn              (no ring)

@: no status effects
A: no striking features
a: no special abilities


You were on level 2 of the Dungeon.
You visited 1 branch of the dungeon, and saw 3 of its levels.

You collected 101 gold pieces.

Inventory:

Hand Weapons
 d - a +0 dagger
 e - a +4 dagger (weapon)
 i - a +1 falchion of electrocution
Missiles
 b - 70 stones
Armour
 c - a +0 robe (worn)
 m - a +0 cloak (worn)
Magical Staves
 f - a staff of cold
Jewellery
 h - a ring of protection from fire (left hand)
Scrolls
 a - 3 scrolls of identify {unknown}
 g - a scroll of teleportation {unknown}
 l - a scroll of noise {unknown}
Potions
 j - a potion of lignification {unknown}
 k - 2 potions of magic {unknown}


   Skills:
 * Level 2.6 Fighting
 - Level 2.4 Dodging
 - Level 2.4 Stealth
 + Level 4.3 Spellcasting
 - Level 1.1 Transmutations
 + Level 4.3 Earth Magic


You had 11 spell levels left.
You knew the following spells:

 Your Spells              Type           Power      Damage    Failure   Level
a - Sandblast             Erth           44%        2d11      1%          1

Your spell library contained the following spells:

 Spells                   Type           Power      Damage    Failure   Level
 Passwall                 Tmut/Erth      12%        N/A       6%          2
 Corona                   Hex            4%         N/A       12%         1
 Stone Arrow              Conj/Erth      26%        3d8       14%         3
 Ensorcelled Hibernation  Hex/Ice        8%         N/A       17%         2
 Confusing Touch          Hex            4%         N/A       34%         3
 Dazzling Flash           Conj/Hex       8%         N/A       34%         3
 Gell's Gravitas          Tloc           2%         N/A       34%         3
 Tukima's Dance           Hex            4%         N/A       34%         3
 Petrify                  Tmut/Erth      15%        N/A       36%         4
 Lee's Rapid Deconstruct  Erth           11%        3d9*      50%         5
 Yara's Violent Unravell  Hex/Tmut       3%         3d4       95%         5
 Metabolic Englaciation   Hex/Ice        2%         N/A       97%         5


Dungeon Overview and Level Annotations

Branches:
Dungeon (3/15)

Altars:
Uskayaw

Annotations:
D:2 Sigmund
D:3 1 runed translucent door, HAL9000's ghost, amateur DrTm


Message History

Press: ? - help, Shift-Dir - straight line, f - ball python
Aim: a ball python (78% to hit)
The blast of sand hits the ball python!
You kill the ball python!
Sigmund barely misses you.
Casting: Sandblast (safe; 1% risk of failure)
Confirm with . or Enter, or press ? or * to list all spells.
Aiming: Sandblast (safe; 1% risk of failure)
Press: ? - help, Shift-Dir - straight line, f - rat
Aim: a rat (81% to hit)
The blast of sand hits the rat!
You kill the rat!
Sigmund casts a spell at you. The puff of flame misses you.
Casting: Sandblast (safe; 1% risk of failure)
Confirm with . or Enter, or press ? or * to list all spells.
Aiming: Sandblast (safe; 1% risk of failure)
Press: ? - help, Shift-Dir - straight line, f - Sigmund
Aim: Sigmund, wielding a +0 scythe and wearing a +0 robe (78% to hit)
The blast of sand hits Sigmund!
Sigmund is moderately wounded.
Sigmund hits you from afar with a +0 scythe.
Casting: Sandblast (safe; 1% risk of failure)
Confirm with . or Enter, or press ? or * to list all spells.
Aiming: Sandblast (safe; 1% risk of failure)
Press: ? - help, Shift-Dir - straight line, f/p - Sigmund
Aim: Sigmund, wielding a +0 scythe and wearing a +0 robe (moderately wounded, 78% to hit)
The blast of sand hits Sigmund.
Sigmund is moderately wounded.
Sigmund hits you from afar with a +0 scythe!
* * * LOW HITPOINT WARNING * * *
Casting: Sandblast (safe; 1% risk of failure)
Confirm with . or Enter, or press ? or * to list all spells.
Aiming: Sandblast (safe; 1% risk of failure)
Press: ? - help, Shift-Dir - straight line, f/p - Sigmund
Aim: Sigmund, wielding a +0 scythe and wearing a +0 robe (moderately wounded, 78% to hit)
The blast of sand hits Sigmund!
Sigmund is severely wounded.
Sigmund hits you from afar with a +0 scythe.
You die...

................ ....
######.#.###### ##... #
.......#.## .... ..
#.#.......# ###... ...
#.#.####..# #.... ...#
))..#.....### #.#.#...
#†..##......####'#..#
....#...#.#.........##
......#.#.......@.@..#
#.........##.........#
#.........##.........##..#
###.......##..............
.......##.............#
......#########......#
#### ###......# .........
#.....#


You could see Sigmund.

Vanquished Creatures
  Jessica (D:2)
  An adder (D:3)
  4 gnolls (D:3)
  2 worms
  3 dart slugs (D:1)
  4 orcs (D:3)
  11 ball pythons
  7 endoplasms
  2 giant cockroaches
  5 goblins
  3 hobgoblins
  A jackal (D:2)
  2 kobolds
  A quokka (D:1)
  2 bats
  2 frilled lizards (D:3)
  6 rats
57 creatures vanquished.

Notes
Turn   | Place    | Note
-------+----------+-------------------------------------------
     0 | D:1      | Johnny the Deep Elf Earth Elementalist began the quest for
                  | the Orb.
     0 | D:1      | Reached XP level 1. HP: 10/10 MP: 6/6
   415 | D:1      | Reached XP level 2. HP: 12/16 MP: 5/8
   543 | D:1      | Reached skill level 1 in Fighting
   774 | D:1      | Reached XP level 3. HP: 20/20 MP: 10/10
  1362 | D:2      | Noticed Sigmund
  1402 | D:3      | Found a runed translucent door.
  1402 | D:3      | Noticed HAL9000's ghost (amateur DrTm)
  1440 | D:3      | Found a faded altar of an unknown god.
  1657 | D:3      | Reached XP level 4. HP: 12/26 MP: 3/11
  2074 | D:3      | Found a hide-covered altar of Uskayaw.
  2528 | D:2      | Noticed Jessica
  2535 | D:2      | Killed Jessica
  2541 | D:2      | Reached XP level 5. HP: 31/31 MP: 9/13
  2652 | D:2      | Slain by Sigmund

Illustrated notes

Levels and vault maps discovered:
D:1:      co_arrival_hexagon_in_a_hexagon, layout_basic, minmay_vboxes
D:2:      cheibrodos_greedy_goblins, layout_basic, basic_altar, uniq_jessica,
          uniq_sigmund
D:3:      layout_rooms, eat_drink_and_be_merry_uskayaw,
          hellmonk_ecumenical_altar_blasted, gammafunk_ghost_grave

Skill      XL: |  1  2  3  4 |
---------------+-------------+-----
Fighting       | 1 2 |  2.6
Earth Magic    | 4 |  4.3
Spellcasting   | 4 |  4.3
Dodging        | |  2.4
Stealth        | |  2.4
Transmutations | |  1.1

Action                   |  1- 3 |  4- 6 || total
-------------------------+-------+-------++-------
Melee: Unarmed           |    12 |       ||    12
       Dagger            |    23 |    21 ||    44
 Cast: Sandblast         |    29 |    25 ||    54
 Stab: Sleeping          |     6 |       ||     6
Armor: Robe              |    13 |     4 ||    17
Dodge: Dodged            |    48 |    18 ||    66

Table legend: (Time is in decaauts)
 A = Elapsed time spent in this place.
 B = Non-inter-level travel time spent in this place.
 C = Inter-level travel time spent in this place.
 D = Time resting spent in this place.
 E = Time spent auto-exploring this place.
 F = Levels seen in this place.
 G = Mean time per level.
                   A        B        C        D        E       F      G
               +--------+--------+--------+--------+--------+-----+--------+
         Total |   2651 |   2622 |     29 |    462 |   1818 |   3 |  883.7 |
       Dungeon |   2651 |   2622 |     29 |    462 |   1818 |   3 |  883.7 |
               +--------+--------+--------+--------+--------+-----+--------+

Top non-repeatable levels by time:
     D:1: 1333 daAuts
     D:3: 1128 daAuts
     D:2: 189 daAuts
